 Dungeon Crawl Stone Soup version 0.21-a0-634-gaf8bc5d (webtiles) character file.

147 shenanigans the Firebug (level 5, -6/38 HPs)
             Began as a Barachi Fire Elementalist on Dec 29, 2017.
             Was an Initiate of Makhleb.
             Killed by divine providence
             ... invoked by an orc priest
              (14 damage)
             ... on level 2 of the Dungeon.
             The game lasted 00:13:32 (4280 turns).

shenanigans the Firebug (Barachi Fire Elementalist) Turns: 4280, Time: 00:13:32

Health: -6/38      AC:  6    Str: 11 (14) XL:     5   Next: 29%
Magic:  1/9        EV: 20    Int: 14 (17) God:    Makhleb [......]
Gold:   93         SH:  0    Dex: 16 (17) Spells: 6/9 levels left

rFire    + . .     SeeInvis .   h - +1 dagger
rCold    . . .     Gourm    .   (no shield)
rNeg     . . .     Faith    .   f - +3 leather armour
rPois    +         Spirit   .   (no helmet)
rElec    .         Reflect  .   (no cloak)
rCorr    .         Harm     .   (no gloves)
MR       .....     Rnd*Tele +   (no boots)
Stlth    +++.......             (no amulet)
HPRegen  0.12/turn              l - ring of poison resistance
MPRegen  0.11/turn              k - ring of teleportation (curse)

@: mighty, agile, very slightly contaminated, slow
A: +LOS, swims, repulsion field 1, fire resistance 1, slowness 1, strong legs 1
a: Hop, Renounce Religion


You were on level 2 of the Dungeon.
You worshipped Makhleb.
Makhleb was noncommittal.
You were not hungry.

You visited 1 branch of the dungeon, and saw 3 of its levels.

You collected 93 gold pieces.

Inventory:

Hand Weapons
 h - a +1 dagger (weapon)
Armour
 a - a +0 robe
 f - a +3 leather armour (worn)
Jewellery
 g - a cursed ring of protection from cold {unknown}
 k - a cursed ring of teleportation (right hand)
 l - a ring of poison resistance (left hand)
Potions
 m - a potion of mutation
Books
 b - a book of Flames

   Spells                             Type                      Level
   a - Flame Tongue                   Conjuration/Fire             1
   b - Throw Flame                    Conjuration/Fire             2
   c - Conjure Flame                  Conjuration/Fire             3
   d - Inner Flame                    Hexes/Fire                   3
   e - Sticky Flame                   Conjuration/Fire             4
   f - Fireball                       Conjuration/Fire             5
Comestibles
 c - 3 rations
 j - a chunk of flesh


   Skills:
 + Level 2.0 Fighting
 + Level 3.1 Dodging
 + Level 2.4 Stealth
 + Level 2.9 Spellcasting
 * Level 2.5 Conjurations
 + Level 3.9 Fire Magic
 + Level 0.3 Invocations


You had 6 spell levels left.
You knew the following spells:

 Your Spells              Type           Power        Failure   Level  Hunger
a - Flame Tongue          Conj/Fire      ##...        8%          1    #......
b - Throw Flame           Conj/Fire      ##....       12%         2    ##.....


Dungeon Overview and Level Annotations

Branches:
Dungeon (3/15)

Altars:
Elyvilon
Makhleb
Okawaru
Trog

Annotations:
D:3 Dordric's ghost, amateur HOFi


Innate Abilities, Weirdness & Mutations

Shadows flee at your approach. (+LOS)
You can swim through water.
You cover ground slowly.
You can hop short distances.
You are surrounded by a mild repulsion field. (EV +2)
Your flesh is heat resistant. (rF+)


Message History

It was a potion of degeneration.
There was something very wrong with that liquid.
You feel weakened.
You feel dopey.
You feel clumsy.
The orc priest hits you but does no damage.
The kobold hits you but does no damage.
It was a potion of agility.
You feel agile all of a sudden. The orc priest hits you.
* * * LOW HITPOINT WARNING * * *
The kobold barely misses you.
It was a potion of might.
You feel very mighty all of a sudden. The orc priest hits you.
* * * LOW HITPOINT WARNING * * *
The kobold misses you.
You closely miss the orc priest.
The orc priest is heavily wounded.
The orc priest calls down the wrath of Beogh upon you.
Beogh smites you!
You die...

#......#.##.........†.......
#[.....#.##.....############
#####...........................
#...#......##.#.################
#...#####.#...............# #...#
#.#.#.....#.#.###.# ##...#
#.#.##....#.#.....#
##...#####'#.##K[).#.############
...............o@..#.##.........#
##......)...####.#.#.##.#######.#
###.............#.#.##.#.....#.#
#........######.#.##.#.###.#.#
#........# #.#..........#.#
########## #....#.#.#####.#
####.#.#.......# ##.#.#########
#<.#..........


You could see an orc priest and a kobold.

Vanquished Creatures
  An orc priest (D:3)
  3 adders (D:2)
  2 oozes (D:1)
  2 worms (D:2)
  3 dart slugs
  2 leopard geckos
  7 orcs
  2 ball pythons
  5 bats
  A giant cockroach (D:1)
  5 goblins
  8 hobgoblins
  3 jackals (D:1)
  4 kobolds
  3 quokkas
  2 frilled lizards
  6 rats
59 creatures vanquished.

Notes
Turn   | Place    | Note
-------+----------+-------------------------------------------
     0 | D:1      | shenanigans the Barachi Fire Elementalist began the quest for the Orb.
     0 | D:1      | Reached XP level 1. HP: 13/13 MP: 3/3
   302 | D:1      | Reached XP level 2. HP: 20/20 MP: 1/5
   753 | D:1      | Reached XP level 3. HP: 25/25 MP: 3/6
   798 | D:1      | Reached skill level 1 in Fighting
   913 | D:1      | Learned a level 2 spell: Throw Flame
  1947 | D:2      | Found a burning altar of Makhleb.
  2182 | D:2      | Found a bloodstained altar of Trog.
  2183 | D:2      | Found an iron altar of Okawaru.
  2207 | D:2      | Found a white marble altar of Elyvilon.
  2431 | D:2      | Reached XP level 4. HP: 32/32 MP: 7/7
  3087 | D:3      | Noticed Dordric's ghost (amateur HOFi)
  3176 | D:2      | Became a worshipper of Makhleb the Destroyer
  3446 | D:3      | Reached XP level 5. HP: 25/38 MP: 4/9
  3511 | D:2      | Gained mutation: Your flesh is heat resistant. (rF+) [potion of mutation]
  3511 | D:2      | Gained mutation: You are surrounded by a mild repulsion field. (EV +2) [potion of mutation]
  4280 | D:2      | Killed from afar by an orc priest

Vault maps used:
D:1:      minmay_arrival_three_doors
D:2:      minitemple, nicolae_overflow_hidden_temple, lemuel_doored_altar,
          glass_columns_c, roderic_serpentine_path
D:3:      first_ration

Skill      XL: |  1  2  3  4  5 |
---------------+----------------+-----
Stealth        | 2 |  2.4
Fighting       | 1 2 |  2.0
Conjurations   | 2 |  2.5
Dodging        | 3 |  3.1
Spellcasting   | |  2.9
Fire Magic     | |  3.9
Invocations    | |  0.3

Action                   |  1- 3 |  4- 6 || total
-------------------------+-------+-------++-------
Melee: Unarmed           |    15 |       ||    15
       Dagger            |    54 |    60 ||   114
 Cast: Flame Tongue      |    50 |    43 ||    93
       Throw Flame       |       |     9 ||     9
 Abil: Hop               |     1 |     1 ||     2
  Use: Scroll            |     1 |     1 ||     2
       Potion            |       |     6 ||     6
 Stab: Sleeping          |     2 |       ||     2
  Eat: Chunk             |     6 |     4 ||    10
       Ration            |       |     1 ||     1
Armor: Robe              |    12 |       ||    12
       Leather armour    |    17 |    23 ||    40
       Skin              |       |    23 ||    23
Dodge: Dodged            |    71 |    83 ||   154

Table legend:
 A = Spawn XP
 B = Non-spawn XP
 C = Spawn XP percentage of total XP
 D = Spawn monster count
 E = Non-spawn monster count
 F = Spawn count percentage of total count
 G = Total turns spent on level
                    A         B        C        D         E        F      G
               +---------+---------+-------+---------+---------+-------+---------
         Total |       0 |     211 |   0.0 |       0 |      59 |   0.0 |  4280
               +---------+---------+-------+---------+---------+-------+---------
           D:1 |       0 |      57 |   0.0 |       0 |      23 |   0.0 |  2000
           D:2 |       0 |     103 |   0.0 |       0 |      30 |   0.0 |  2164
           D:3 |       0 |      51 |   0.0 |       0 |       6 |   0.0 |   116
               +---------+---------+-------+---------+---------+-------+---------
